 Dungeon Crawl Stone Soup version 0.26.1-11-gd32895ea62 (webtiles) character file.

Game seed: 10544368424690725464

1056 Zeld the Cudgeller (level 8, -8/67 HPs)
             Began as a Grey Draconian Gladiator on June 12, 2021.
             Mangled by Menkaure (13 damage)
             ... on level 5 of the Dungeon.
             The game lasted 00:08:15 (7922 turns).

Zeld the Cudgeller (Grey Draconian Gladiator)       Turns: 7922, Time: 00:08:16

Health: -8/67      AC: 12    Str: 19    XL:     8   Next: 6%
Magic:  8/8        EV: 10    Int:  9    God:
Gold:   485        SH:  9    Dex: 12    Spells: 7/7 levels left

rFire    . . .     SeeInvis .   a - +0 flail
rCold    . . .     Faith    .   s - +0 kite shield
rNeg     . . .     Spirit   .   (armour unavailable)
rPois    .         Reflect  .   b - +0 hat
rElec    .         Harm     .   (no cloak)
rCorr    .         Rampage  .   (no gloves)
Will     .....                  d - +0 pair of boots
Stlth    +.........             (no amulet)
HPRegen  0.21/turn              (no ring)
MPRegen  0.11/turn              (no ring)

@: no status effects
A: walk through water, unfitting armour, unbreathing, cold-blooded, AC +11
a: no special abilities


You were on level 5 of the Dungeon.
You visited 1 branch of the dungeon, and saw 5 of its levels.
You also visited: Ossuary.

You collected 485 gold pieces.

Inventory:

Hand Weapons
 a - a +0 flail (weapon)
Missiles
 c - 5 boomerangs
 f - 112 stones
 m - 9 poisoned darts (quivered)
Armour
 b - a +0 hat (worn)
 d - a +0 pair of boots (worn)
 s - a +0 kite shield (worn)
Wands
 u - a wand of disintegration (14)
 x - a wand of paralysis (7)
Scrolls
 e - 3 scrolls of immolation {unknown}
 g - 3 scrolls of noise {unknown}
 h - a scroll of remove curse {unknown}
 i - 7 scrolls of identify {unknown}
 j - a scroll of blinking {unknown}
 k - 2 scrolls of fear {unknown}
 n - a scroll of enchant weapon {unknown}
 o - 2 scrolls of teleportation {unknown}
 r - a scroll of enchant armour {unknown}
Potions
 l - 2 potions of haste {unknown}
 p - a potion of lignification {unknown}
 q - 3 potions of resistance {unknown}
 t - 4 potions of curing {unknown}
 v - 2 potions of flight {unknown}
 w - a potion of mutation {unknown}
 z - a potion of cancellation {unknown}
 A - 3 potions of brilliance {unknown}
 B - 2 potions of degeneration {unknown}


   Skills:
 + Level 4.6 Fighting
 * Level 6.1 Maces & Flails
 * Level 5.2 Throwing
 - Level 3.0 Dodging
 + Level 3.2 Shields


You had 7 spell levels left.
You didn't know any spells.
Your spell library contained the following spells:

 Spells                   Type           Power        Failure   Level
 Apportation              Tloc           0%           88%         1
 Magic Dart               Conj           0%           88%         1
 Blink                    Tloc           N/A          95%         2
 Call Imp                 Summ           0%           95%         2
 Slow                     Hex            0%           95%         2
 Conjure Flame            Conj/Fire      0%           99%         3
 Mephitic Cloud           Conj/Pois/Air  0%           99%         3


Dungeon Overview and Level Annotations

Branches:
Dungeon (5/15)            Ossuary (visited)
 Temple: D:4-7

Altars:
Sif Muna
Yredelemnul

Annotations:
D:5 Menkaure


Innate Abilities, Weirdness & Mutations

You can walk through water.
Your dull iron-grey scales are very hard. (AC +11)
You cannot fit into any form of body armour.
You can survive without breathing.
You are cold-blooded and may be slowed by cold attacks.


Message History

You throw a poisoned dart. The poisoned dart hits Menkaure.
Menkaure calls on the powers of darkness!
Your body is wracked with pain!
You throw a poisoned dart. The poisoned dart hits Menkaure!
You barely miss Menkaure. Menkaure hits you!
You thump Menkaure!
Menkaure is moderately damaged.
Menkaure barely misses you.
Menkaure gestures at you while chanting.
Pain shoots through your body!
* * * LOW HITPOINT WARNING * * *
You hit Menkaure. You tail-slap Menkaure.
Menkaure is heavily damaged.
Menkaure gestures at you while chanting.
Pain shoots through your body!
* * * LOW HITPOINT WARNING * * *
You hit Menkaure but do no damage.
Menkaure is heavily damaged.
Menkaure hits you!
You die...

...##...........###
#...##...........####
...###..............#
#... #...........##.#
...# #...........# #
#.##..####..# # #.
##. #..# .#
##..###[.##.####
#....@M.........
#.#..##(....### ##.
#.(##.# #. #..##.#.##
## #.........
##.##.#.##
#.........#
?......[.....#
...............


You could see Menkaure (fast).

Vanquished Creatures
  The ghost of oc3rt the Bolt Thrower, an amateur KoHu (D:4)
  2 ogres
  A phantom (D:4)
  2 howler monkeys
  A hound (D:4)
  An orc priest (D:5)
  4 orc wizards
  3 worker ants
  A hound zombie (D:5)
  8 mummies (Ossuary)
  13 adders
  An ooze (D:1)
  An adder zombie (D:5)
  A dart slug (D:2)
  A leopard gecko (D:1)
  7 orcs
  A ball python (D:4)
  4 giant cockroaches
  3 gnoll zombies (Ossuary)
  6 goblins
  9 hobgoblins
  4 jackals
  2 kobolds (D:1)
  2 quokkas (D:4)
  4 bats
  5 frilled lizards
  A hobgoblin zombie (Ossuary)
  2 kobold zombies (Ossuary)
  A leopard gecko skeleton (D:4)
  2 orc zombies (Ossuary)
  2 rats
96 creatures vanquished.

Notes
Turn   | Place    | Note
-------+----------+-------------------------------------------
     0 | D:1      | Zeld the Draconian Gladiator began the quest for the Orb.
     0 | D:1      | Reached XP level 1. HP: 17/17 MP: 1/1
   259 | D:1      | Reached XP level 2. HP: 25/25 MP: 2/2
   971 | D:2      | Reached XP level 3. HP: 25/30 MP: 3/3
  1888 | D:2      | Found a basalt altar of Yredelemnul.
  1938 | D:2      | Reached XP level 4. HP: 37/37 MP: 4/4
  2642 | D:3      | Reached skill level 4 in Maces & Flails
  3378 | D:4      | Reached XP level 5. HP: 38/45 MP: 5/5
  3442 | D:4      | Reached skill level 1 in Shields
  3509 | D:4      | Noticed an ogre
  3521 | D:4      | Killed an ogre
  3522 | D:4      | Reached XP level 6. HP: 28/51 MP: 6/6
  5464 | D:4      | Reached skill level 5 in Maces & Flails
  5495 | D:4      | Your scales start taking on a dull iron-grey colour.
  5495 | D:4      | Reached XP level 7. HP: 17/58 MP: 7/7
  5495 | D:4      | Gained mutation: You can survive without breathing. [Grey
                  | Draconian growth]
  5754 | D:4      | Found a shimmering blue altar of Sif Muna.
  5804 | D:4      | Identified Sif Muna's Compendium of the Voyage
  6023 | D:4      | Found a large runed translucent door.
  6024 | D:4      | Found a large runed translucent door.
  6025 | D:4      | Noticed oc3rt's ghost (amateur KoHu)
  6140 | D:4      | Killed oc3rt's ghost
  6174 | D:5      | Entered Level 5 of the Dungeon
  6280 | D:5      | Noticed Menkaure
  6344 | D:5      | HP: 2/59 [Menkaure/nerve-wracking pain (2)]
  6797 | D:5      | Found a sand-covered staircase.
  6810 | Ossuary  | Entered an ossuary
  7466 | Ossuary  | Reached skill level 5 in Throwing
  7651 | D:5      | Reached skill level 6 in Maces & Flails
  7793 | D:5      | Reached XP level 8. HP: 61/67 MP: 8/8
  7922 | D:5      | Mangled by Menkaure

Illustrated notes

Levels and vault maps discovered:
D:1:      lightli_molten_gateway, layout_loops_ring
D:2:      minmay_evil_eye, layout_basic, yredelemnul_altar_generic,
          minmay_distorted
D:3:      layout_basic
D:4:      layout_rooms, led_sif_book, ebering_ghost_disaster_area,
          chequers_mini_garden, minmay_cut_off
D:5:      minmay_razor_zed, layout_basic, minmay_temple_entry_proselytizer,
          enter_ossuary_1, uniq_menkaure

Skill      XL: |  1  2  3  4  5  6  7 |
---------------+----------------------+-----
Throwing       | 2 3 4 5 |  5.2
Dodging        | 3 |  3.0
Fighting       | 3 4 |  4.6
Maces & Flails | 4 5 6 |  6.1
Shields        | 1 2 3 |  3.2

Action                   |  1- 3 |  4- 6 |  7- 9 || total
-------------------------+-------+-------+-------++-------
Melee: Flail             |    71 |   155 |   145 ||   371
       Tailslap          |     6 |    17 |    22 ||    45
Throw: Stone             |    82 |    52 |     5 ||   139
       Throwing net      |       |     4 |       ||     4
       Dart              |       |     4 |     5 ||     9
Evoke: Wand              |       |       |     5 ||     5
 Stab: Sleeping          |     1 |     2 |     1 ||     4
Armor: Skin              |    26 |    46 |    49 ||   121
Dodge: Dodged            |    53 |    90 |    70 ||   213
Block: Kite shield       |       |    67 |    74 ||   141
